 Dungeon Crawl Stone Soup version bcrawl-1.18 (webtiles) character file.

Game seed: 10270291305688285771

334 Morbidden the Cudgeler (level 6, -7/51 HPs)
             Began as a Demigod Archaeologist on Oct 31, 2019.
             Asphyxiated
             ... on level 3 of the Dungeon.
             The game lasted 00:06:14 (2588 turns).

Morbidden the Cudgeler (Demigod Archaeologist)      Turns: 2588, Time: 00:06:14

Health: -7/51      AC: 13    Str: 19    XL:     6   Next: 27%
Magic:  0/8        EV:  8    Int: 18    God:    Demigod [*.....]
Gold:   136        SH:  0    Dex: 17    Spells: 5/5 levels left

rFire    . . .     SeeInvis .   u - +0 mace
rCold    . . .     Gourm    .   (no shield)
rNeg     . . .     Faith    .   l - +0 plate armour
rPois    .         Spirit   +   c - +1 hat
rElec    +         Reflect  .   (no cloak)
rCorr    +         Harm     .   (no gloves)
MR       .....                  d - +1 pair of boots
Stlth    ..........             o - amulet of guardian spirit
HPRegen  0.17/turn              p - ring of resist corrosion
MPRegen  0.11/turn              n - ring of insulation

@: lethally poisoned (-7 -> -65), slowed, studying Maces & Flails, very slow
A: agile 1, high mp 1, screaming 1, sturdy frame 1
a: Temporal Distortion


You were on level 3 of the Dungeon.
You worshipped Demigod.
Demigod was aware of your devotion.
You were not hungry.

You visited 1 branch of the dungeon, and saw 3 of its levels.

You collected 136 gold pieces.

Inventory:

Hand Weapons
 u - a +0 mace (weapon)
Armour
 c - a +1 hat (worn)
 d - a +1 pair of boots (worn)
 l - a +0 plate armour (worn)
Jewellery
 n - a ring of insulation (right hand)
 o - an amulet of guardian spirit (around neck)
 p - a ring of resist corrosion (left hand)
Scrolls
 b - 3 scrolls of magic mapping {unknown}
 j - a scroll of amnesia {unknown}
 m - a scroll of remove curse {unknown}
 q - 2 scrolls of enchant armour {unknown}
 r - a scroll of identify {unknown}
 t - 2 scrolls of fear {unknown}
Potions
 k - a potion of mutation
Books
 e - a manual of Maces & Flails
Miscellaneous
 f - an ancient crate
Comestibles
 g - 9 rations {!d}


   Skills:
 * Level 3.0 Fighting
 * Level 5.1 Maces & Flails
 + Level 1.8 Armour
 + Level 3.3 Dodging
 + Level 3.2 Stealth


You had 5 spell levels left.
You didn't know any spells.
Your spell library was empty.

Dungeon Overview and Level Annotations

Branches:
Dungeon (3/12)


Innate Abilities, Weirdness & Mutations

You have an increased reservoir of magic. (+10% MP)
You are agile. (Dex +2)
You occasionally shout uncontrollably at your foes.
Your movements are slightly less encumbered by armour. (ER -2)


Message History

The kobold shoots a poisoned needle.
The poisoned needle completely misses you.
The kobold throws a stone.
The stone hits you but does no damage.
* * * LOW HITPOINT WARNING * * *
You feel very sick.
Unknown command.
* * * LOW HITPOINT WARNING * * *
You feel very sick.
The kobold shoots a curare-tipped needle.
The curare-tipped needle hits you.
You are more poisoned.
You have difficulty breathing.
* * * LOW HITPOINT WARNING * * *
You feel as though you will be slow longer.
The kobold shoots a curare-tipped needle.
The curare-tipped needle hits you.
You are more poisoned.
You have difficulty breathing.
You die...
Your divinity fades.

###......####..........
###....#.......#......#.
###....#.#.####..#..#####
.....#......###.###.#
####...####.....#
......## ##..### ##..###
###..#### #..##
#.......###(###
..########....>#@.......
.....................###
.#############.#####.# ##


♣PPKPP♣ # #PPK..PPP# #PP.....P♣# ##.÷.....# #...§...♣ #≈......♣ You could see 2
kobolds.

Vanquished Creatures
  Sigmund (D:2)
  A gnoll shaman (D:3)
  Natasha (D:3)
  3 gnolls (D:3)
  3 adders
  3 worms (D:2)
  2 leopard geckos
  A giant cockroach (D:2)
  3 goblins
  2 hobgoblins
  12 jackals (D:3)
  5 kobolds
  A quokka (D:2)
  4 bats
  5 frilled lizards
  2 rats (D:2)
49 creatures vanquished.

Notes
Turn   | Place    | Note
-------+----------+-------------------------------------------
     0 | D:1      | Morbidden the Demigod Archaeologist began the quest for the
                  | Orb.
     0 | D:1      | Reached XP level 1. HP: 15/15 MP: 3/3
   169 | D:1      | Reached skill level 1 in Fighting
   335 | D:1      | Reached XP level 2. HP: 23/23 MP: 4/4
   606 | D:2      | Reached skill level 1 in Maces & Flails
   727 | D:2      | Noticed Sigmund
   852 | D:3      | Reached XP level 3. HP: 13/28 MP: 3/5
   853 | D:3      | Gained mutation: You are agile. (Dex +2) [potion of
                  | mutation]
   853 | D:3      | Gained mutation: You occasionally shout uncontrollably at
                  | your foes. [potion of mutation]
   853 | D:3      | Gained mutation: Your movements are slightly less
                  | encumbered by armour. (ER -2) [potion of mutation]
   877 | D:3      | Noticed Natasha
   989 | D:2      | Found an ancient bone altar of Kikubaaqudgha.
  1298 | D:2      | Found a shimmering altar of Xom.
  1299 | D:2      | Found a hazy altar of Hepliaklqana.
  1299 | D:2      | Noticed a titan simulacrum
  1300 | D:2      | Noticed a titan simulacrum
  1300 | D:2      | Noticed a spectral ugly thing
  1327 | D:2      | Reached skill level 2 in Maces & Flails
  1422 | D:2      | Found a shadowy altar of Dithmenos.
  1525 | D:2      | Found a faded altar of an unknown god.
  1662 | D:2      | Reached XP level 4. HP: 36/36 MP: 6/6
  1729 | D:2      | Killed Sigmund
  1729 | D:2      | Reached skill level 4 in Maces & Flails
  1729 | D:2      | Reached skill level 1 in Armour
  1729 | D:2      | Reached XP level 5. HP: 15/42 MP: 4/7
  2140 | D:3      | Reached * piety under Demigod
  2193 | D:3      | Reached XP level 6. HP: 46/50 MP: 8/8
  2293 | D:3      | Killed Natasha
  2293 | D:3      | Reached skill level 5 in Maces & Flails
  2588 | D:3      | HP: 2/51 [asphyx]
  2588 | D:3      | Asphyxiated

Skill      XL: |  1  2  3  4  5  6 |
---------------+-------------------+-----
Fighting       | 1 2 3 |  3.0
Maces & Flails | 1 2 4 5 |  5.1
Dodging        | 3 |  3.3
Armour         | 1 |  1.8
Stealth        | |  3.2

Action                   |  1- 3 |  4- 6 || total
-------------------------+-------+-------++-------
Melee: Whip              |   173 |       ||   173
       Mace              |     8 |   119 ||   127
  Use: Potion            |     2 |     6 ||     8
  Eat: Chunk             |     3 |     3 ||     6
Armor: Robe              |    10 |       ||    10
       Plate armour      |   103 |   110 ||   213
       Skin              |    34 |    13 ||    47
Dodge: Dodged            |    81 |    74 ||   155
